AoeStats
← Sera

Arena

508581208Analyzed
2v2 RM · 9d ago on Sep 23, 2026· 39m 16s· 4 players
Game mode
Random Map
Map size
Medium (4 player)
Population
200
Speed
Normal
Resources
Standard
Victory
Conquest
Starting age
Dark Age
Ending age
Imperial Age
RankedLock teamsTeams togetherTeam positionsShared explorationLock speedFull tech treeHidden civsTurbo modeCheats
Victory
Defeat
🇲🇽 Sicilians · Mexico
1222
+16
🇲🇽 Bohemians · Mexico
1164
+19
🇦🇺 Italians · Australia
1226
-18
🇵🇰 Lithuanians · Pakistan
1220
-17
[GDL] SEVONENKO
6:48 Loom
9:06 Feudal Age
11:22 Double-Bit Axe
11:44 Town Watch
12:02 Horse Collar
18:17 Fletching
24:30 Castle Age
23:06 Stone Mining
23:09 Gold Mining
25:08 Bodkin Arrow
28:07 Scale Mail Armor
29:26 Wheelbarrow
29:13 Forging
32:43 Heavy Plow
33:00 Bow Saw
34:25 Hand Cart
34:43 Chain Mail Armor
37:03 First Crusade
40:52 Imperial Age
39:29 Iron Casting
[CRX] Darius
9:32 Feudal Age
14:57 Castle Age
15:41 Horse Collar
18:47 Double-Bit Axe
19:51 Fervor
25:04 Bow Saw
25:54 Wheelbarrow
25:32 Loom
25:34 Town Watch
27:00 Hand Cart
27:27 Heavy Plow
27:14 Elite Skirmisher
29:15 Town Patrol
33:17 Imperial Age
33:28 Chemistry
32:49 Ballistics
32:43 Fortified Wall
32:30 Fletching
32:41 Padded Archer Armor
32:52 Forging
33:45 Wagenburg Tactics
33:35 Houfnice
33:40 Pikeman
34:21 Squires
34:22 Bodkin Arrow
34:43 Leather Archer Armor
34:29 Scale Mail Armor
34:41 Scale Barding Armor
35:14 Conscription
37:27 Husbandry
36:48 Light Cavalry
38:10 Elite Hussite Wagon
aurangzaib.zahoor
11:03 Feudal Age
11:41 Double-Bit Axe
12:46 Horse Collar
15:52 Castle Age
14:01 Loom
15:25 Fletching
15:36 Padded Archer Armor
16:39 Loom
17:23 Bow Saw
17:11 Crossbowman
24:39 Ballistics
31:11 Bodkin Arrow
33:08 Wheelbarrow
33:55 Gold Mining
40:51 Imperial Age
38:59 Scale Barding Armor
39:04 Forging
Sera
9:49 Feudal Age
11:40 Double-Bit Axe
18:29 Castle Age
18:10 Scale Mail Armor
18:08 Man-at-Arms
23:33 Wheelbarrow
26:14 Horse Collar
29:33 Bow Saw
29:26 Heavy Plow
29:36 Long Swordsman
30:34 Chain Mail Armor
30:30 Forging
39:46 Hand Cart
Connection lost

Rejoining the realm…

Still unreachable

The connection could not be restored.

Session expired

The server has moved on; the page needs a fresh start.